 Dungeon Crawl Stone Soup version 0.21-a0-504-g2eda330 (webtiles) character file.

3777 ziltoidlt2 the Jinx (level 9, -6/68 HPs)
             Began as a Vampire Enchanter on Nov 25, 2017.
             Was a Follower of Dithmenos.
             Mangled by Gastronok (22 damage)
             ... on level 9 of the Dungeon on Nov 26, 2017.
             The game lasted 01:54:31 (12329 turns).

ziltoidlt2 the Jinx (Vampire Enchanter)            Turns: 12329, Time: 01:54:32

Health: -6/68      AC: 13    Str: 14    XL:     9   Next: 95%
Magic:  24/24      EV: 13    Int: 18    God:    Dithmenos [*.....]
Gold:   484        SH:  0    Dex: 15    Spells: 4/16 levels left

rFire    . . .     SeeInvis +   H - +1 falchion (elec)
rCold    + . .     Gourm    .   (no shield)
rNeg     + + .     Faith    .   h - +0 ring mail
rPois    +         Spirit   .   (no helmet)
rElec    .         Reflect  .   N - +0 cloak
rCorr    .         Harm     .   (no gloves)
MR       .....                  J - +1 pair of boots
Stlth    ++++......             (no amulet)
HPRegen  0.10/turn              F - ring of magical power
MPRegen  0.19/turn              E - +4 ring of protection

@: mighty, regenerating slowly, wreathed by umbra
A: fangs 3, see invisible, unbreathing
a: Bat Form, Renounce Religion


You were on level 9 of the Dungeon.
You worshipped Dithmenos.
Dithmenos was aware of your devotion.
You were thirsty.

You visited 2 branches of the dungeon, and saw 10 of its levels.

You collected 484 gold pieces.

Inventory:

Hand Weapons
 a - a +1 dagger
 j - a +0 hunting sling
 p - a +1 long sword of electrocution
 w - a +0 blowgun
 y - a +0 rapier
 H - a +1 falchion of electrocution (weapon)
Missiles
 e - 304 stones (quivered)
 r - 2 throwing nets
 A - 46 poisoned needles
 K - 5 needles of sleeping
Armour
 h - a +0 ring mail (worn)
 C - the +9 scales of the Dragon King {rPois rF+ rC+ MR+}
   (You found it on level 5 of the Dungeon)

   It protects you from fire.
   It protects you from cold.
   It protects you from poison.
   It affects your resistance to hostile enchantments.
 J - a +1 pair of boots (worn)
 M - a +0 robe of fire resistance
 N - a +0 cloak (worn)
Magical Staves
 s - an uncursed staff of wizardry
Jewellery
 l - a +5 ring of intelligence
 E - a +4 ring of protection (right hand)
 F - a ring of magical power (left hand)
 G - an uncursed ring of ice
 L - an uncursed amulet of rage
Wands
 t - a wand of enslavement (18)
Scrolls
 f - a scroll of fear
 i - 3 scrolls of teleportation
 o - 3 scrolls of amnesia
 z - 3 scrolls of remove curse
 D - 3 scrolls of magic mapping
 O - a scroll of immolation {unknown}
Potions
 b - a potion of lignification {unknown}
 g - 2 potions of invisibility
 k - 4 potions of curing
 m - a potion of brilliance {unknown}
 q - 8 potions of blood
 u - 2 potions of resistance
 v - 4 potions of might
 x - a potion of magic {unknown}
 I - a potion of degeneration {unknown}
Books
 c - a book of Maledictions

   Spells                             Type                      Level
   a - Corona                         Hexes                        1
   b - Ensorcelled Hibernation        Hexes/Ice                    2
   c - Confuse                        Hexes                        3
   d - Tukima's Dance                 Hexes                        3
   e - Dazzling Spray                 Conjuration/Hexes            3
 n - a Young Poisoner's Handbook

   Spells                             Type                      Level
   a - Sting                          Conjuration/Poison           1
   b - Poisonous Vapours              Poison/Air                   2
   c - Mephitic Cloud                 Conjuration/Poison/Air       3
   d - Olgreb's Toxic Radiance        Poison                       4
   e - Venom Bolt                     Conjuration/Poison           5
 B - a book of Misfortune

   Spells                             Type                      Level
   a - Confusing Touch                Hexes                        1
   b - Confuse                        Hexes                        3
   c - Gell's Gravitas                Translocation                3
   d - Petrify                        Transmutation/Earth          4
   e - Metabolic Englaciation         Hexes/Ice                    5
   f - Yara's Violent Unravelling     Hexes/Transmutation          5


   Skills:
 - Level 5.0 Fighting
 - Level 5.0(5.9) Short Blades
 * Level 4.2(5.2) Long Blades
 * Level 5.9 Armour
 - Level 4.0 Dodging
 - Level 6.0 Stealth
 - Level 4.0 Spellcasting
 + Level 10.6 Hexes


You had 4 spell levels left.
You knew the following spells:

 Your Spells              Type           Power        Failure   Level  Hunger
a - Dazzling Spray        Conj/Hex       ###...       10%         3    ###....
b - Tukima's Dance        Hex            #####...     1%          3    ###....
x - Confusing Touch       Hex            #####.       1%          1    None
y - Confuse               Hex            #####...     1%          3    ###....
z - Ensorcelled Hibernat  Hex/Ice        ###...       4%          2    ##.....


Dungeon Overview and Level Annotations

Branches:
Dungeon (9/15)             Temple (1/1) D:6
   Lair: D:8-11         Orc: D:9-12

Altars:
Ashenzari
Cheibriados
Dithmenos
Elyvilon
Fedhas
Gozag
Hepliaklqana
Kikubaaqudgha
Makhleb
Nemelex Xobeh
Okawaru
Qazlal
Ru
Sif Muna
Trog
Uskayaw
Vehumet
Wu Jian
Xom
Yredelemnul
Zin
The Shining One

Shops:
D:5 *

Annotations:
D:9 Gastronok


Innate Abilities, Weirdness & Mutations

You heal slowly.
You have razor-sharp teeth.
You have supernaturally acute eyesight. (SInv)
You can survive without breathing.


Message History

You hit Gastronok but do no damage.
Gastronok is severely wounded.
Gastronok bites you.
You feel very mighty all of a sudden.
You slash Gastronok! Lightning courses through Gastronok!
Gastronok is severely wounded.
Gastronok waves his eye-stalks in wide circles.
The air twists around and strikes you!
* * * LOW HITPOINT WARNING * * *
You feel much better.
You hit Gastronok.
Gastronok is almost dead.
Gastronok bites you!
* * * LOW HITPOINT WARNING * * *
You slash Gastronok! You bite Gastronok!
Gastronok is almost dead.
You slash Gastronok!
Gastronok is almost dead.
Gastronok bites you!!
You die...

#.....#..###.#
#'#####.....#......#
#####...........#......#
................'......#
................#......#
................#......#
.........##....[#......#
......w..##.....#.##...#
.......@........#......#
................#......#
#####....##.....#..#...#
#....##.....#. #...#
.......#.....#
.....>..#.....#
(.......##.....#
........# .....#


You could see Gastronok.

Vanquished Creatures
  Pikel (D:9)
  A queen bee (D:8)
  Eustachio (D:6)
  A water moccasin (D:5)
  The ghost of anet the Magician, an amateur DEWz (D:4)
  An ice beast (D:6)
  A phantom (D:8)
  An orc warrior (D:6)
  The ghost of wintastic the Chopper, an amateur HOFi (D:3)
  An ogre (D:4)
  A bullfrog (D:8)
  A big kobold (D:8)
  14 killer bees (D:8)
  A howler monkey (D:5)
  6 crimson imps
  2 jellies
  2 centaur skeletons (D:7)
  3 hounds
  3 orc priests
  Crazy Yiuf (D:7)
  2 bullfrog skeletons
  5 orc wizards
  4 worker ants
  2 howler monkey skeletons
  15 adders
  A shadow imp (D:6)
  A dart slug (D:1)
  3 leopard geckos (D:1)
  21 orcs
  A ball python (D:5)
  6 giant cockroaches
  9 goblins
  6 hobgoblins
  5 jackals
  12 kobolds
  4 quokkas
  5 bats
  3 frilled lizards
  3 jackal skeletons (D:4)
  A leopard gecko skeleton (D:4)
  2 quokka skeletons
  4 rats
  A fungus (D:7)
160 creatures vanquished.

Vanquished Creatures (collateral kills)
  A two-headed ogre (D:9)
  An ogre (D:6)
  Blork the orc (D:5)
  4 orcs
7 creatures vanquished.

Vanquished Creatures (others)
  A dancing weapon (D:9)
  A slave (D:9)
  An iguana (D:9)
  A worker ant (D:9)
4 creatures vanquished.

Grand Total: 171 creatures vanquished

Notes
Turn   | Place    | Note
-------+----------+-------------------------------------------
     0 | D:1      | ziltoidlt2 the Vampire Enchanter began the quest for the Orb.
     0 | D:1      | Reached XP level 1. HP: 13/13 MP: 3/3
   575 | D:1      | Reached XP level 2. HP: 5/19 MP: 3/5
   801 | D:1      | Learned a level 2 spell: Ensorcelled Hibernation
   889 | D:1      | Reached skill level 5 in Stealth
   911 | D:1      | Reached skill level 5 in Hexes
  1632 | D:2      | Reached XP level 3. HP: 24/24 MP: 6/6
  1902 | D:2      | Learned a level 3 spell: Confuse
  2032 | D:2      | Reached skill level 6 in Hexes
  2932 | D:2      | Reached XP level 4. HP: 30/30 MP: 3/7
  3030 | D:2      | Found a blossoming altar of Fedhas.
  3032 | D:2      | You fall through a shaft for 2 floors!
  3847 | D:2      | Reached skill level 7 in Hexes
  4379 | D:3      | Noticed wintastic's ghost (amateur HOFi)
  4625 | D:3      | Reached XP level 5. HP: 35/35 MP: 5/9
  4630 | D:3      | Learned a level 3 spell: Tukima's Dance
  5212 | D:3      | Found a faded altar of an unknown god.
  5235 | D:3      | Learned a level 1 spell: Confusing Touch
  5312 | D:3      | Killed wintastic's ghost
  5747 | D:4      | Reached XP level 6. HP: 38/41 MP: 0/11
  6018 | D:4      | Noticed anet's ghost (amateur DEWz)
  6082 | D:4      | Killed anet's ghost
  6418 | D:4      | Reached XP level 7. HP: 46/46 MP: 12/12
  6636 | D:4      | Learned a level 3 spell: Dazzling Spray
  6884 | D:5      | Entered Level 5 of the Dungeon
  6955 | D:5      | Found the +9 scales of the Dragon King {rPois rF+ rC+ MR+}
  7628 | D:5      | Noticed Blork the orc
  7637 | D:5      | Killed Blork the orc
  7637 | D:5      | Reached skill level 1 in Fighting
  7764 | D:5      | Found Wocuthru's Serpentskin Sales.
  7767 | D:5      | Reached skill level 1 in Armour
  7767 | D:5      | Reached skill level 8 in Hexes
  8034 | D:6      | Noticed Eustachio
  8045 | D:6      | Killed Eustachio
  8045 | D:6      | Reached XP level 8. HP: 56/56 MP: 14/14
  8401 | D:6      | Found a staircase to the Ecumenical Temple.
  8431 | Temple   | Entered the Ecumenical Temple
  8554 | Temple   | Became a worshipper of Dithmenos the Shadowed
  8887 | D:6      | Reached skill level 5 in Short Blades
 10244 | D:7      | Found a runed door.
 10248 | D:7      | Noticed Crazy Yiuf
 10252 | D:7      | Killed Crazy Yiuf
 10252 | D:7      | Reached skill level 9 in Hexes
 10797 | D:8      | Noticed a queen bee
 10809 | D:8      | Killed a queen bee
 10809 | D:8      | Reached XP level 9. HP: 61/66 MP: 15/15
 10825 | D:8      | Reached * piety under Dithmenos
 10954 | D:8      | Reached skill level 5 in Fighting
 11229 | D:8      | Reached skill level 1 in Long Blades
 11451 | D:8      | Reached skill level 5 in Armour
 11451 | D:8      | Reached skill level 10 in Hexes
 11738 | D:9      | Noticed a two-headed ogre
 11749 | D:9      | Killed a two-headed ogre
 12019 | D:9      | Noticed Pikel
 12061 | D:9      | Killed Pikel
 12274 | D:9      | Noticed Gastronok
 12321 | D:9      | HP: 1/68 [Gastronok (25)]
 12329 | D:9      | Mangled by Gastronok

Vault maps used:
D:1:      elethiomel_arrival_maze, minmay_fountain_box
D:2:      fedhas_altar_3
D:3:      chequers_ecumenical_altar_twisty
D:5:      first_bread, guppyfry_shop_venom, uniq_blork_the_orc
D:6:      minmay_temple_entry_glassed_door, uniq_eustachio
D:7:      minmay_strange_pillars, nicolae_underground_beach,
          uniq_crazy_yiuf_cottage
D:8:      david_nohive_1
D:9:      nicolae_sextant, uniq_gastronok, uniq_pikel
Temple:   compressed_dpeg_circular_temple

Skill      XL: |  1  2  3  4  5  6  7  8  9 |
---------------+----------------------------+-----
Stealth        | 5 6 |  6.0
Hexes          | 5 6 7 8 9 10 | 10.6
Spellcasting   | 3 4 |  4.0
Short Blades   | 2 3 4 5 |  5.0
Dodging        | 3 4 |  4.0
Fighting       | 2 4 5 |  5.0
Armour         | 2 4 5 |  5.9
Long Blades    | 4 |  4.2

Action                   |  1- 3 |  4- 6 |  7- 9 || total
-------------------------+-------+-------+-------++-------
Melee: Dagger            |    85 |   131 |   194 ||   410
       Bite              |     5 |     6 |    28 ||    39
       Unarmed           |       |     2 |     5 ||     7
       Falchion          |       |       |    56 ||    56
 Fire: Hunting sling     |    13 |     3 |     4 ||    20
       Blowgun           |       |       |     2 ||     2
 Cast: Corona            |     9 |       |       ||     9
       Ensorcelled Hiber |    18 |     2 |    53 ||    73
       Confuse           |     9 |    21 |    36 ||    66
       Confusing Touch   |       |     5 |     1 ||     6
       Tukima's Dance    |       |       |    10 ||    10
 Abil: End Transformatio |     1 |     2 |     2 ||     5
       Bat Form          |     1 |     2 |     2 ||     5
  Use: Potion            |     8 |     5 |    12 ||    25
       Scroll            |       |     6 |     6 ||    12
 Stab: Sleeping          |    17 |    18 |    51 ||    86
       Confused          |     4 |    14 |    22 ||    40
       Distracted        |       |       |     1 ||     1
Armor: Robe              |    10 |       |       ||    10
       Leather armour    |       |    10 |    27 ||    37
       Ring mail         |       |       |    22 ||    22
Dodge: Dodged            |    35 |    56 |   125 ||   216
       Rpst.: Falchion   |       |       |     8 ||     8

Table legend:
 A = Spawn XP
 B = Non-spawn XP
 C = Spawn XP percentage of total XP
 D = Spawn monster count
 E = Non-spawn monster count
 F = Spawn count percentage of total count
 G = Total turns spent on level
                    A         B        C        D         E        F      G
               +---------+---------+-------+---------+---------+-------+---------
         Total |       0 |    5397 |   0.0 |       0 |     166 |   0.0 | 12329
               +---------+---------+-------+---------+---------+-------+---------
           D:1 |       0 |      39 |   0.0 |       0 |      20 |   0.0 |  1824
           D:2 |       0 |     119 |   0.0 |       0 |      26 |   0.0 |  1961
           D:3 |       0 |     173 |   0.0 |       0 |      16 |   0.0 |  1907
           D:4 |       0 |     615 |   0.0 |       0 |      28 |   0.0 |  1445
           D:5 |       0 |     373 |   0.0 |       0 |       8 |   0.0 |   901
           D:6 |       0 |     608 |   0.0 |       0 |      15 |   0.0 |   934
           D:7 |       0 |     370 |   0.0 |       0 |      17 |   0.0 |  1347
           D:8 |       0 |    1809 |   0.0 |       0 |      30 |   0.0 |  1277
           D:9 |       0 |    1291 |   0.0 |       0 |       6 |   0.0 |   591
               +---------+---------+-------+---------+---------+-------+---------
